AoeStats
← MeowMe

Nomad

504969254Analyzed
4v4 RM · 24d ago on Sep 7, 2026· 29m 3s· 8 players
Game mode
Random Map
Map size
231×231
Population
200
Speed
Normal
Resources
Standard
Victory
Conquest
Starting age
Dark Age
Ending age
Imperial Age
RankedLock teamsTeams togetherTeam positionsShared explorationLock speedFull tech treeHidden civsTurbo modeCheats
Victory
Defeat
🇨🇳 Vikings · China
1564
+13
🇹🇼 Portuguese · Taiwan
1551
+14
1526
+15
🇨🇳 Persians · China
1386
+19
🇫🇷 Persians · France
1566
-18
🇧🇾 Berbers · Belarus
1525
-17
🇩🇪 Saracens · Germany
1456
-14
🇬🇪 Huns · Georgia
1421
-12
软脚虾3号
4:52 Loom
14:24 Feudal Age
16:05 Fletching
19:16 Castle Age
17:54 Double-Bit Axe
21:12 Bow Saw
21:53 Bodkin Arrow
B.
12:52 Feudal Age
11:53 Loom
16:51 Castle Age
14:42 Double-Bit Axe
15:18 Horse Collar
17:05 Forging
17:45 Bow Saw
19:05 Bloodlines
21:06 Loom
MeowMe
6:19 Loom
15:26 Feudal Age
16:41 Town Watch
19:49 Castle Age
18:18 Double-Bit Axe
22:28 Bow Saw
22:17 Fletching
24:35 Thumb Ring
OLADUSHEK
5:02 Loom
12:28 Feudal Age
13:02 Town Watch
16:01 Castle Age
15:34 Double-Bit Axe
16:20 Fletching
17:08 Bow Saw
20:16 Wheelbarrow
20:56 Bodkin Arrow
25:18 Padded Archer Armor
28:00 Leather Archer Armor
28:49 Horse Collar
猪大肠
10:47 Loom
12:56 Feudal Age
16:53 Castle Age
15:59 Bloodlines
15:41 Double-Bit Axe
17:39 Bow Saw
23:17 Fishing Lines
27:10 Scale Barding Armor
28:39 Chain Barding Armor
种田人口才是基本盘
2:54 Loom
13:10 Feudal Age
16:54 Castle Age
15:28 Double-Bit Axe
22:54 Fletching
27:57 Wheelbarrow
28:14 Bow Saw
28:17 Scale Mail Armor
頭鐵投石機
3:37 Loom
16:47 Feudal Age
21:23 Castle Age
25:15 Imperial Age
23:07 Gold Mining
23:08 Stone Mining
23:33 Double-Bit Axe
25:59 Medium Warships
27:53 Treadmill Crane
29:46 Coinage
29:07 Fletching
29:19 Padded Archer Armor
29:32 Bow Saw
29:12 Town Watch
30:02 Wheelbarrow
执者如旗
5:56 Loom
14:07 Feudal Age
18:06 Castle Age
16:13 Gold Mining
16:11 Double-Bit Axe
16:36 Scale Barding Armor
17:19 Forging
19:44 Chain Barding Armor
26:14 Iron Casting
Connection lost

Rejoining the realm…

Still unreachable

The connection could not be restored.

Session expired

The server has moved on; the page needs a fresh start.